 Dungeon Crawl Stone Soup version 0.27-a0-1078-g0d77da13b5 (webtiles) character file.

Game seed: 14992737529356233848

128 Hnefi the Skirmisher (level 4, -1/37 HPs)
             Began as a Demonspawn Abyssal Knight on Apr 25, 2021.
             Was a Believer of Lugonu.
             Succumbed to a scorpion's poison
             ... on level 4 of the Dungeon.
             The game lasted 00:10:59 (3505 turns).

Hnefi the Skirmisher (Demonspawn Abyssal Knight)    Turns: 3505, Time: 00:11:00

Health: -1/37      AC:  7    Str: 13    XL:     4   Next: 87%
Magic:  6/6        EV: 10    Int: 13    God:    Lugonu [**....]
Gold:   105        SH:  4    Dex: 13    Spells: 3/3 levels left

rFire    . . .     SeeInvis .   n - +2 short sword (flame)
rCold    . . .     Faith    .   (no shield)
rNeg     . . .     Spirit   .   c - +0 ring mail
rPois    .         Reflect  .   (no helmet)
rElec    .         Harm     .   o - +0 cloak
rCorr    .         Rampage  .   e - +0 pair of gloves
Will     .....                  (no boots)
Stlth    +.........             (no amulet)
HPRegen  0.12/turn              (no ring)
MPRegen  0.10/turn              (no ring)

@: lethally poisoned (-1 -> -14)
A: large bone plates 1
a: Renounce Religion, Depart the Abyss, Bend Space


You were on level 4 of the Dungeon.
You worshipped Lugonu.
Lugonu was pleased with you.
You visited 1 branch of the dungeon, and saw 4 of its levels.
You visited the Abyss 1 time.

You collected 105 gold pieces.

Inventory:

Hand Weapons
 a - a +1 falchion
 n - a +2 short sword of flaming (weapon)
Missiles
 g - 9 javelins (quivered)
 l - 5 boomerangs of dispersal
Armour
 c - a +0 ring mail (worn)
 e - a +0 pair of gloves (worn)
 o - a +0 cloak (worn)
Scrolls
 d - a scroll of torment {unknown}
 f - a scroll of noise {unknown}
 i - a scroll of fear {unknown}
 j - a scroll of summoning {unknown}
 k - a scroll of magic mapping {unknown}
 m - a scroll of identify {unknown}
Potions
 b - 2 potions of might
 h - a potion of resistance {unknown}


   Skills:
 + Level 3.6 Fighting
 * Level 0.3(1.8) Short Blades
 - Level 2.9(3.0) Long Blades
 + Level 2.8 Armour
 + Level 1.3 Dodging
 + Level 0.4 Shields
 + Level 2.7 Invocations


You had 3 spell levels left.
You didn't know any spells.
Your spell library contained the following spells:

 Spells                   Type           Power      Damage    Failure   Level
 Confusing Touch          Hex            0%         N/A       88%         3
 Gell's Gravitas          Tloc           0%         N/A       88%         3
 Petrify                  Tmut/Erth      0%         N/A       99%         4
 Metabolic Englaciation   Hex/Ice        0%         N/A       100%        5
 Yara's Violent Unravell  Hex/Tmut       0%         3d3       100%        5


Dungeon Overview and Level Annotations

Branches:
Dungeon (4/15)
 Temple: D:4-7

Altars:
Hepliaklqana
Qazlal
Xom
The Shining One


Innate Abilities, Weirdness & Mutations

You are partially covered in large bone plates. (SH +4)


Message History

Found a metallic orange potion.
You hit the scorpion. You burn the scorpion.
The scorpion is moderately wounded.
The scorpion stings you but does no damage.
You barely miss the scorpion.
The scorpion is moderately wounded.
The scorpion closely misses you.
You closely miss the scorpion.
The scorpion is moderately wounded.
The scorpion closely misses you.
The scorpion stings you but does no damage.
You hit the scorpion. You burn the scorpion.
The scorpion is heavily wounded.
The scorpion stings you.
You are poisoned.
The scorpion poisons you!
You closely miss the scorpion.
The scorpion is heavily wounded.
You feel very sick. The scorpion stings you.
You closely miss the scorpion.
The scorpion is heavily wounded.
You feel sick. The scorpion closely misses you.
You hit the scorpion. You burn the scorpion.
The scorpion is severely wounded.
You feel sick. The scorpion stings you.
You closely miss the scorpion.
The scorpion is severely wounded.
You feel sick. The scorpion stings you!
You are lethally poisoned!
The scorpion poisons you! The scorpion stings you!
* * * LOW HITPOINT WARNING * * *
You barely miss the scorpion.
The scorpion is severely wounded.
* * * LOW HITPOINT WARNING * * *
You feel very sick. The scorpion closely misses you.
You closely miss the scorpion.
The scorpion is severely wounded.
You die...

###############
........<.....#
#
##.#...#####.#
..# #......#
##.###.....
#####.#...##
#..@s......
....<.##.##
##.###....!
########># ###
..# #.# . #+#


You could see a scorpion.

Vanquished Creatures
  6 adders
  2 worms (D:2)
  A dart slug (D:3)
  2 orcs (D:3)
  7 ball pythons
  2 endoplasms
  5 giant cockroaches
  4 goblins
  3 hobgoblins
  4 jackals (D:3)
  6 kobolds
  3 quokkas
  10 bats
  3 frilled lizards
  6 rats
64 creatures vanquished.

Notes
Turn   | Place    | Note
-------+----------+-------------------------------------------
     0 | Abyss:1  | Hnefi the Demonspawn Abyssal Knight began the quest for the
                  | Orb.
     0 | Abyss:1  | Reached XP level 1. HP: 18/18 MP: 2/2
    68 | D:1      | Escaped the Abyss
   324 | D:1      | Gained mutation: You are partially covered in large bone
                  | plates. (SH +4) [demonic ancestry]
   324 | D:1      | Reached XP level 2. HP: 24/24 MP: 4/4
  1070 | D:1      | Reached skill level 1 in Dodging
  1104 | D:1      | Reached ** piety under Lugonu
  1453 | D:2      | Reached XP level 3. HP: 29/29 MP: 5/5
  2810 | D:3      | Reached XP level 4. HP: 35/35 MP: 6/6
  3242 | D:3      | Found a shimmering altar of Xom.
  3248 | D:3      | Found a hazy altar of Hepliaklqana.
  3255 | D:3      | Found a stormy altar of Qazlal.
  3494 | D:4      | Noticed a scorpion
  3505 | D:4      | Succumbed to a scorpion's poison

Illustrated notes

Levels and vault maps discovered:
D:1:      dpeg_arrival_round_b, layout_basic
D:2:      layout_loops_corners, basic_altar
D:3:      layout_rooms, minmay_overflow_temple_star_quad,
          amcnicky_mini_rare_corridor_liquid
D:4:      minmay_spotlight, layout_loops_corners, lemuel_tele_altar,
          corexii_leaking_fountain

Skill      XL: |  1  2 |
---------------+-------+-----
Long Blades    | 2 |  2.9
Armour         | 2 |  2.8
Dodging        | 1 |  1.3
Fighting       | |  3.6
Short Blades   | |  0.3
Shields        | |  0.4
Invocations    | |  2.7

Action                   |  1- 3 |  4- 6 || total
-------------------------+-------+-------++-------
Melee: Falchion          |   155 |    44 ||   199
       Short sword       |       |    38 ||    38
Invok: Bend Space        |     1 |       ||     1
  Use: Potion            |     2 |       ||     2
Armor: Ring mail         |    61 |    25 ||    86
       Leather armour    |     2 |       ||     2
Dodge: Dodged            |    88 |    44 ||   132
Block: Other             |    27 |    23 ||    50
       Rpst.: Falchion   |    28 |     8 ||    36

Table legend: (Time is in decaauts)
 A = Elapsed time spent in this place.
 B = Non-inter-level travel time spent in this place.
 C = Inter-level travel time spent in this place.
 D = Time resting spent in this place.
 E = Time spent auto-exploring this place.
 F = Levels seen in this place.
 G = Mean time per level.
                   A        B        C        D        E       F      G
               +--------+--------+--------+--------+--------+-----+--------+
         Total |   3541 |   3459 |     82 |      0 |   2727 |   5 |  708.2 |
       Dungeon |   3473 |   3391 |     82 |      0 |   2677 |   4 |  868.2 |
         Abyss |     68 |     68 |      0 |      0 |     50 |   1 |   68.0 |
               +--------+--------+--------+--------+--------+-----+--------+

Top non-repeatable levels by time:
     D:2: 1333 daAuts
     D:1: 1276 daAuts
     D:3: 837 daAuts
 Abyss:1: 68 daAuts
     D:4: 26 daAuts
